 Dungeon Crawl Stone Soup version 0.18-a0-1773-gec4f98e (webtiles) character file.

78446 Ijustatesigmund the Bludgeoner (level 15, -3/167 HPs)
             Began as an Ogre Hunter on Apr 13, 2016.
             Was a High Priest of Okawaru.
             Shot with an arrow of frost by a deep elf archer (17 damage)
             ... on level 1 of the Elven Halls on Apr 14, 2016.
             The game lasted 02:26:14 (29469 turns).

Ijustatesigmund the Bludgeoner (Ogre Hunter)       Turns: 29469, Time: 02:26:15

Health: -3/167     AC: 13    Str: 21    XL:     15   Next: 60%
Magic:  22/22      EV: 28    Int: 10    God:    Okawaru [*****.]
Gold:   819        SH:  0    Dex: 18    Spells: 2 memorised, 11 levels left

rFire  + . .     SeeInvis .     F - +5 giant spiked club
rCold  + . .     Gourm    .     C - +2 robe {rC+ rF+}
rNeg   . . .     Faith    .     (shield currently unavailable)
rPois  +         Spirit   .     x - +2 hat {MR+}
rElec  .         Dismiss  .     Q - +2 cloak {rPois}
rCorr  .         Reflect  .     (gloves unavailable)
SustAt .         Harm     .     (boots unavailable)
MR     ++...                    o - amulet of regeneration
Stlth  +++.......               p - ring of the Sky {+Fly AC+3 Dex+3}
                                q - ring of Shaolin {EV+8}

@: heroism, engulfed (cannot breathe), slowed, very slow, very resistant to
hostile enchantments, fairly stealthy
A: unfitting armour, tough skin 1
a: Heroism, Finesse, Renounce Religion, Evoke Flight


You were on level 1 of the Elven Halls.
You worshipped Okawaru.
Okawaru was extremely pleased with you.
You were hungry.

You visited 4 branches of the dungeon, and saw 24 of its levels.
You also visited: Labyrinth, Trove, Bailey, Ice Cave and Volcano.

You collected 2900 gold pieces.
You spent 2081 gold pieces at shops.

Inventory:

Hand Weapons
 F - a +5 giant spiked club (weapon)
Missiles
 l - 7 silver javelins
 D - 6 throwing nets
 I - 4 silver tomahawks
 R - 11 large rocks
 T - 6 javelins of penetration (quivered)
Armour
 x - a +2 hat of magic resistance (worn)
 C - a +2 robe of resistance (worn)
 Q - a +2 cloak of poison resistance (worn)
Rods
 B - a +1 rod of clouds (12/12)
   (You found it on level 8 of the Dungeon)
Jewellery
 b - the ring of Shadows {Umbra +Inv rN+ SInv}
   (You found it on level 8 of the Lair of Beasts)

   [ring of positive energy]

   It protects you from negative energy.
   It lets you see invisible.
   It lets you turn invisible.
 h - a +3 ring of slaying
 o - an amulet of regeneration (around neck)
 p - the ring of the Sky (right hand) {+Fly AC+3 Dex+3}
   (You found it in a labyrinth)

   [ring of protection]

   It affects your AC (+3).
   It affects your dexterity (+3).
   It lets you fly.
 q - the ring of Shaolin (left hand) {EV+8}
   (You found it on level 2 of the Lair of Beasts)

   [ring of evasion]

   It affects your evasion (+8).
 s - an uncursed ring of wizardry
 w - an uncursed ring of resist corrosion
Wands
 c - a wand of teleportation (8/9)
 g - a wand of digging (8/24)
 E - a wand of iceblast (8/15)
 L - a wand of lightning (9/15)
 S - a wand of disintegration (20/24)
Scrolls
 j - 3 scrolls of recharging
 k - 2 scrolls of remove curse
 n - 3 scrolls of fog
 t - a scroll of enchant armour
 u - a scroll of blinking
 G - a scroll of summoning
 J - 2 scrolls of amnesia
 K - 3 scrolls of immolation
 O - 4 scrolls of teleportation
 V - 2 scrolls of magic mapping
 X - a scroll of fear
Potions
 e - 3 potions of magic
 m - 11 potions of curing
 v - 6 potions of ambrosia
 z - 2 potions of might
 A - 2 potions of heal wounds
 H - 4 potions of brilliance
 M - 2 potions of resistance
 N - a potion of berserk rage
 U - a potion of agility
 W - a potion of cancellation
 Y - a potion of beneficial mutation {unknown}
 Z - 2 potions of cure mutation {unknown}
Comestibles
 f - 14 bread rations
 i - 15 meat rations


   Skills:
 + Level 15.0(20.0) Fighting
 + Level 18.8(23.8) Maces & Flails
 - Level 10.5(15.5) Throwing
 - Level 8.2(13.2) Dodging
 - Level 4.0(9.0) Stealth
 + Level 2.9 Translocations
 + Level 9.4 Transmutations
 + Level 2.8 Earth Magic
 - Level 10.0 Invocations


You had 11 spell levels left.
You knew the following spells:

 Your Spells              Type           Power        Failure   Level  Hunger
a - Passwall              Trmt/Erth      ##........   6%          2    ###....
b - Apportation           Tloc           #.........   14%         1    ##.....


Dungeon Overview and Level Annotations

Branches:
Dungeon (13/15)            Temple (0/1) D:6            Lair (8/8) D:11
  Swamp (0/4) Lair:6       Spider (0/4) Lair:5        Slime (0/6) Lair:6
    Orc (2/2) D:12            Elf (1/3) Orc:2
 Vaults: D:13-14

Altars:
Ashenzari
Dithmenos
Kikubaaqudgha
Makhleb
Okawaru
Pakellas
Ru
Zin
Beogh
Jiyva

Shops:
D:4 *   D:7 :   D:8 !   D:10 }   Orc:1 }   Orc:2 (}*=

Annotations:
D:3 Grinder
D:10 4 runed doors
Lair:7 Nessos


Innate Abilities, Weirdness & Mutations

You are too large for most types of armour.
You have tough skin (AC +1).


Message History

The deep elf archer shoots an arrow.
The arrow completely misses you.
The water elemental completely misses you.
The deep elf archer shoots an arrow of frost.
The arrow of frost hits you!
* * * LOW HITPOINT WARNING * * *
The deep elf archer blinks!
The water elemental closely misses you. The water elemental hits you!
* * * LOW HITPOINT WARNING * * *
The water elemental engulfs you in water!
The deep elf mage gestures wildly while chanting.
The deep elf mage blinks!
Found 31 gold pieces.
Items here: ! (( )) [ Drink which item? (? for menu, Esc to quit)
You feel much better.
* * * LOW HITPOINT WARNING * * *
Your lungs strain for air!
The deep elf archer shoots an arrow of frost.
The arrow of frost hits you!
You die...

#...#.. ....+
#.########...#.###....+
......<......#........# .
..########......#........
#..###.#.###....
#......#(.......
#...#..[..# #...#e###(#
#....#..@Ee#
#.......#Ee!..#
....###$#(###.# # ..#.* #
#..$.ยง# #.###(# #. .# ..
.(


You could see a deep elf archer, 2 water elementals, 2 deep elf magi, a
battleaxe of chopping and a battlesphere.

Vanquished Creatures
  An orc warlord (Bailey)
  A fire dragon (Lair:8)
  A minotaur (Lab)
  Josephine (D:12)
  A catoblepas (Lair:8)
  6 hydras
  The ghost of Stick the Grappler, a journeyman DrTm of Cheibriados (Orc:2)
  8 death yaks
  A dancing weapon (Elf:1)
  Urug (Lair:1)
  The ghost of pragmatic the Blocker, a novice MiFi of Nemelex Xobeh (D:7)
  A fire crab (Volcano)
  4 skeletal warriors (D:11)
  A deep elf archer (Elf:1)
  3 orc knights
  A lindwurm (Lair:8)
  A deep elf mage (Elf:1)
  2 hill giants
  2 griffons
  2 orc sorcerers
  2 manticores
  An orb spider (Lair:5)
  3 ugly things
  6 elephants
  3 black mambas
  2 ice statues (IceCv)
  A torpor snail (Lair:8)
  A gargoyle (D:11)
  13 spiny frogs
  9 komodo dragons
  7 rime drakes
  6 ice devils (IceCv)
  4 trolls
  A polar bear (Lair:6)
  A giant leech (Lair:8)
  Prince Ribbit (D:9)
  20 blink frogs
  A minotaur skeleton (Lab)
  2 boulder beetles (Lair:8)
  4 wraiths (D:12)
  A water elemental (Elf:1)
  A wyvern (Lair:8)
  A hill giant zombie (D:12)
  7 basilisks
  4 fire elementals
  56 yaks
  2 hungry ghosts
  A steam dragon (Lair:8)
  Menkaure (D:5)
  8 hippogriffs
  A mottled dragon (Lair:8)
  2 wargs
  A soldier ant (D:12)
  A hell hound (Volcano)
  10 porcupines
  15 water moccasins
  13 ice beasts
  31 orc warriors
  6 sky beasts
  3 swamp drakes (Lair:8)
  11 ogres
  A black bear (D:9)
  4 phantoms
  31 wolves
  A necrophage (D:12)
  15 centaurs
  14 big kobolds
  13 crocodiles
  A water moccasin zombie (D:5)
  18 giant frogs
  An earth elemental (Lab)
  2 scorpions
  2 troll zombies (D:12)
  4 killer bees
  A howler monkey (D:4)
  9 wights
  8 crimson imps
  3 jellies
  A centaur zombie (D:5)
  4 hounds
  6 orc priests
  Crazy Yiuf (D:5)
  6 centaur skeletons
  17 orc wizards
  3 giant frog skeletons
  9 iguanas
  12 worker ants
  22 sheep
  5 ogre zombies (D:12)
  3 hound zombies
  2 hound skeletons
  4 worker ant zombies
  10 gnolls
  2 howler monkey skeletons (D:10)
  14 adders
  61 river rats
  3 shadow imps
  6 white imps (IceCv)
  8 ufetubi (IceCv)
  2 oozes
  An adder zombie (D:3)
  2 adder skeletons
  3 worms
  3 dart slugs
  8 giant geckos
  89 orcs
  3 giant cockroaches
  18 goblins
  17 hobgoblins
  5 jackals
  A quokka (D:12)
  A ball python skeleton (D:3)
  7 bats
  A giant gecko skeleton (D:3)
  A giant gecko zombie (D:3)
  6 giant newts
  3 goblin skeletons (D:12)
  4 goblin zombies (D:12)
  A hobgoblin skeleton (D:12)
  3 hobgoblin zombies (D:12)
  40 kobolds
  2 orc skeletons (D:12)
  12 orc zombies (D:12)
  10 rats
  2 plants
876 creatures vanquished.

Vanquished Creatures (others)
  A deep elf annihilator (D:4)
  3 ufetubi (IceCv)
  8 fungi
  5 plants
17 creatures vanquished.

Grand Total: 893 creatures vanquished

Notes
Turn   | Place    | Note
--------------------------------------------------------------
     0 | D:1      | Ijustatesigmund the Ogre Hunter began the quest for the Orb.
     0 | D:1      | Reached XP level 1. HP: 22/22 MP: 1/1
    43 | D:1      | Reached skill level 1 in Stealth
   119 | D:1      | Reached XP level 2. HP: 28/29 MP: 2/2
   756 | D:2      | Reached XP level 3. HP: 15/37 MP: 3/3
  1412 | D:2      | Reached XP level 4. HP: 43/48 MP: 4/4
  1683 | D:2      | Reached skill level 1 in Maces & Flails
  2490 | D:3      | Reached skill level 2 in Maces & Flails
  2523 | D:3      | Reached XP level 5. HP: 55/55 MP: 5/5
  2659 | D:3      | Reached skill level 5 in Fighting
  2677 | D:3      | Reached skill level 3 in Maces & Flails
  3116 | D:3      | Noticed Grinder
  3343 | D:4      | Found Biduufamp's General Store.
  3348 | D:4      | Bought a potion of degeneration for 10 gold pieces
  3348 | D:4      | Bought a potion of curing for 30 gold pieces
  3348 | D:4      | Bought a scroll of identify for 20 gold pieces
  3348 | D:4      | Bought a scroll of fog for 20 gold pieces
  3400 | D:4      | Reached XP level 6. HP: 51/67 MP: 6/6
  3501 | D:4      | Reached skill level 4 in Maces & Flails
  3574 | D:4      | Noticed a phantom
  3575 | D:4      | Killed a phantom
  3577 | D:4      | Noticed a phantom
  3585 | D:4      | Killed a phantom
  3585 | D:4      | Reached skill level 5 in Maces & Flails
  3585 | D:4      | Reached XP level 7. HP: 69/78 MP: 7/7
  3667 | D:4      | Found a burning altar of Makhleb.
  3670 | D:4      | Found an iron altar of Okawaru.
  3702 | D:4      | Found an oddly glowing altar of Pakellas.
  3703 | D:4      | Noticed a deep elf annihilator
  3712 | D:4      | Killed a deep elf annihilator
  3785 | D:4      | Found a sacrificial altar of Ru.
  4059 | D:5      | Entered Level 5 of the Dungeon
  4101 | D:5      | Reached skill level 6 in Maces & Flails
  4191 | D:5      | Reached XP level 8. HP: 61/89 MP: 8/8
  4227 | D:5      | Reached skill level 7 in Maces & Flails
  4724 | D:5      | Noticed Menkaure
  4726 | D:5      | Killed Menkaure
  4726 | D:5      | Reached skill level 8 in Maces & Flails
  4839 | D:5      | Noticed Crazy Yiuf
  4844 | D:5      | Killed Crazy Yiuf
  5526 | D:4      | Found a shadowy altar of Dithmenos.
  5526 | D:4      | Found an ancient bone altar of Kikubaaqudgha.
  5530 | D:4      | Became a worshipper of Warmaster Okawaru
  6091 | D:3      | Reached skill level 10 in Fighting
  6574 | D:6      | Reached skill level 9 in Maces & Flails
  6854 | D:6      | Reached XP level 9. HP: 102/102 MP: 9/9
  6980 | D:6      | Reached skill level 5 in Throwing
  7039 | D:6      | Reached * piety under Okawaru
  7785 | D:6      | Found a staircase to the Ecumenical Temple.
  8084 | D:7      | Noticed pragmatic's ghost (novice MiFi)
  8216 | D:8      | Found Faebariutt's Distillery.
  8220 | D:8      | Identified a +1 rod of clouds (12/12) (You found it on level 8 of the Dungeon)
  8226 | D:8      | Bought a potion of might for 52 gold pieces
  8226 | D:8      | Bought a potion of heal wounds for 65 gold pieces
  8226 | D:8      | Bought a potion of curing for 39 gold pieces
  8226 | D:8      | Bought a potion of heal wounds for 65 gold pieces
  8226 | D:8      | Bought a potion of heal wounds for 65 gold pieces
  8706 | D:8      | Reached skill level 10 in Maces & Flails
  9217 | D:8      | Identified a scroll of acquirement
  9235 | D:8      | Reached skill level 11 in Maces & Flails
  9235 | D:8      | Reached XP level 10. HP: 105/113 MP: 10/10
  9241 | D:8      | Reached ** piety under Okawaru
  9262 | D:8      | Reached skill level 12 in Maces & Flails
  9663 | D:9      | Found a shattered altar of Ashenzari.
 10016 | D:9      | Reached skill level 13 in Maces & Flails
 10119 | D:9      | Reached *** piety under Okawaru
 10170 | D:9      | Noticed Prince Ribbit
 10175 | D:9      | Killed Prince Ribbit
 10327 | D:9      | Reached skill level 14 in Maces & Flails
 10554 | D:7      | Killed pragmatic's ghost
 10558 | D:7      | Learned a level 2 spell: Passwall
 10665 | D:7      | Reached **** piety under Okawaru
 10670 | D:7      | Found a glowing silver altar of Zin.
 10760 | D:7      | Found Xuedenei's Book Boutique.
 10918 | D:10     | Entered Level 10 of the Dungeon
 10918 | D:10     | Found Saenuanku's Gadget Shoppe.
 10919 | D:10     | Noticed a hill giant
 10926 | D:10     | Killed a hill giant
 10926 | D:10     | Received a gift from Okawaru
 10926 | D:10     | Reached XP level 11. HP: 112/120 MP: 8/12
 11204 | D:10     | Found a huge runed gate.
 11222 | D:10     | Received a gift from Okawaru
 11233 | D:10     | Reached skill level 15 in Maces & Flails
 11574 | D:10     | Found a huge runed gate.
 11574 | D:10     | Noticed a griffon
 11575 | D:10     | Noticed a hill giant
 11575 | D:10     | Found a huge runed gate.
 11576 | D:10     | Found a huge runed gate.
 11868 | D:11     | Found a staircase to the Lair.
 12151 | D:11     | Noticed a red ugly thing
 12162 | D:11     | Killed a red ugly thing
 12258 | D:11     | Noticed a hill giant
 12260 | D:11     | Killed a hill giant
 12260 | D:11     | Reached skill level 5 in Invocations
 12294 | D:11     | Noticed a manticore
 12299 | D:11     | Killed a manticore
 12303 | D:11     | Noticed a skeletal warrior
 12790 | D:11     | Reached skill level 16 in Maces & Flails
 12792 | D:11     | Noticed a cyan ugly thing
 12798 | D:11     | Killed a cyan ugly thing
 12798 | D:11     | Reached ***** piety under Okawaru
 12798 | D:11     | Received a gift from Okawaru
 13082 | D:11     | Noticed a skeletal warrior
 13084 | D:11     | Noticed a skeletal warrior
 13084 | D:11     | Noticed a skeletal warrior
 13086 | D:11     | Noticed a skeletal warrior
 13617 | D:11     | Killed a skeletal warrior
 13622 | D:11     | Killed a skeletal warrior
 13622 | D:11     | Received a gift from Okawaru
 13622 | D:11     | Reached skill level 5 in Dodging
 13920 | D:11     | Killed a skeletal warrior
 13920 | D:11     | Reached XP level 12. HP: 94/131 MP: 13/15
 13984 | D:11     | Received a gift from Okawaru
 14155 | Lair:1   | Entered Level 1 of the Lair of Beasts
 14648 | Lair:1   | Noticed Urug
 14673 | Lair:1   | Killed Urug
 14673 | Lair:1   | Reached skill level 17 in Maces & Flails
 15564 | D:12     | Found a portal to a secret trove of treasure.
 15594 | D:12     | Noticed Josephine
 15605 | D:12     | Killed Josephine
 15605 | D:12     | Received a gift from Okawaru
 15696 | D:12     | Got a silken robe
 15701 | D:12     | Found a flagged portal.
 15719 | Bailey   | Entered a bailey
 15745 | Bailey   | Noticed an orc warlord
 15808 | Bailey   | Identified the +0 robe of the Wild Haggis {*Corrode +Fly MR++ Stlth+} (You found it on level 12 of the Dungeon)
 15993 | Bailey   | Found a runed gate.
 15995 | Bailey   | Found a runed gate.
 15996 | Bailey   | Found a runed gate.
 16073 | Bailey   | Killed an orc warlord
 16073 | Bailey   | Received a gift from Okawaru
 16520 | D:12     | Found a staircase to the Orcish Mines.
 16656 | D:12     | Received a gift from Okawaru
 17322 | Orc:1    | Entered Level 1 of the Orcish Mines
 17525 | Orc:1    | Reached XP level 13. HP: 145/145 MP: 16/16
 17683 | Orc:1    | Found Opruorog's Gadget Emporium.
 17742 | Orc:1    | Found a roughly hewn altar of Beogh.
 17997 | Orc:2    | Entered Level 2 of the Orcish Mines
 18043 | Orc:2    | Reached skill level 18 in Maces & Flails
 18067 | Orc:2    | Found a frozen archway.
 18097 | Orc:2    | Received a gift from Okawaru
 18107 | IceCv    | Entered an ice cave
 18108 | IceCv    | Upgraded the game from 0.18-a0-1764-gf4ddf0b to 0.18-a0-1773-gec4f98e
 19118 | IceCv    | Reached skill level 5 in Transmutations
 19229 | Orc:2    | Noticed Stick's ghost (journeyman DrTm)
 19249 | Orc:2    | Killed Stick's ghost
 19251 | Orc:2    | Found a staircase to the Elven Halls.
 19730 | D:7      | Bought a book of the Sky for 1040 gold pieces
 19843 | D:12     | You paid a toll of a book of the Sky to enter a treasure trove
 19844 | Trove    | Entered a treasure trove
 19918 | Trove    | Got an encrusted shield
 19933 | Trove    | Identified the +3 shield "Udolup" {*Corrode *Confuse +Fly rElec} (You found it in a treasure trove)
 19978 | Trove    | Got a brightly glowing large shield
 19984 | Trove    | Identified the +5 large shield of Trumpets {rPois rF- rCorr SInv} (You found it in a treasure trove)
 19988 | Trove    | Got a wizard robe
 20008 | Trove    | Identified the cursed +0 robe of Anaesthesia {*Confuse rElec rC+ Stlth+} (You found it in a treasure trove)
 20913 | Lair:3   | Found a dark tunnel.
 20921 | Volcano  | Entered a volcano
 22169 | Lair:4   | Received a gift from Okawaru
 22477 | Lair:4   | Learned a level 1 spell: Apportation
 23227 | Lair:4   | Reached XP level 14. HP: 143/156 MP: 18/18
 23891 | Lair:5   | Found a hole to the Spider Nest.
 24801 | Lair:6   | Found a staircase to the Swamp.
 24860 | Lair:6   | Found a labyrinth entrance.
 24869 | Lab      | Entered a labyrinth
 24981 | Lab      | Reached ****** piety under Okawaru
 24989 | Lab      | Received a gift from Okawaru
 25203 | Lab      | Got a flickering gossamer ring
 25206 | Lab      | Identified the ring of Duddiut {*Tele Int+2 Slay+2} (You found it in a labyrinth)
 25211 | Lab      | Got an ancient lapis lazuli ring
 25215 | Lab      | Identified the ring of the Sky {+Fly AC+3 Dex+3} (You found it in a labyrinth)
 25556 | Lair:6   | Found a viscous altar of Jiyva.
 25556 | Lair:6   | Found a staircase to the Slime Pits.
 25904 | Lair:6   | Received a gift from Okawaru
 26024 | Lair:7   | Received a gift from Okawaru
 26340 | Lair:7   | Noticed Nessos
 26612 | Lair:7   | Reached skill level 10 in Throwing
 26859 | Lair:8   | Entered Level 8 of the Lair of Beasts
 26960 | Lair:8   | Reached skill level 10 in Invocations
 27125 | Lair:8   | Reached skill level 1 in Translocations
 27125 | Lair:8   | Reached skill level 1 in Earth Magic
 27125 | Lair:8   | Reached XP level 15. HP: 145/165 MP: 15/22
 27152 | Lair:8   | Received a gift from Okawaru
 27176 | Lair:8   | Got a steaming gossamer ring
 27180 | Lair:8   | Identified the ring of the Ego {SustAt rF- Dex+6} (You found it on level 8 of the Lair of Beasts)
 27386 | Lair:8   | Received a gift from Okawaru
 29061 | Orc:2    | Reached skill level 15 in Fighting
 29076 | Orc:2    | Found Qupatz's General Store.
 29076 | Orc:2    | Found Adghejom's Gadget Shop.
 29078 | Orc:2    | Found Pefarul's Weapon Boutique.
 29087 | Orc:2    | Found Zealirid's Jewellery Emporium.
 29142 | Orc:2    | Bought a +3 ring of slaying for 675 gold pieces
 29429 | Elf:1    | Entered Level 1 of the Elven Halls
 29468 | Elf:1    | HP: 8/167 [water elemental (17)]
 29469 | Elf:1    | Shot with an arrow of frost by a deep elf archer

Vault maps used:
D:1:      dpeg_arrival_pits, due_unseen_surprise
D:3:      serial_undead, serial_undead_a, serial_undead_d, serial_undead_c,
          serial_undead_e, serial_undead_f, serial_undead_f, serial_undead_c,
          serial_park_tiny_2, uniq_grinder
D:4:      nicolae_overflow_hidden_temple, gammafunk_pakellas_spire_experiment,
          first_bread, serial_shops, nicolae_shop_crystal
D:5:      st_stairs_13, uniq_menkaure, uniq_crazy_yiuf_cottage
D:6:      minmay_temple_entry_statues, serial_bayou_lake_a
D:7:      overflow_temple_1_default, serial_shops, kennysheep_mini
D:8:      corexii_shantytown, serial_shops, shop, special_room
D:9:      lemuel_coloured_pillars_altar, uniq_prince_ribbit1
D:10:     lemuel_bear_cage, serial_shops,
          nicolae_shop_temple_entry_statues_fountains
D:11:     minmay_ornate_pinched, grunt_pizzeria, minmay_misc_feat_alley,
          hangedman_abyss_or_decor_passed
D:12:     zombieorc2_lemuel, enter_bailey_7, enter_trove_6, minivault_19,
          uniq_josephine
D:13:     david_vaults_2, uniq_maurice
Lair:1:   lemuel_fruit_fields, lemuel_fruit_tree, serial_bayou_shore_b,
          uniq_urug
Lair:2:   st_stairs_8, serial_bayou_shore_a
Lair:3:   enter_volcano_1, small_statue_intersection,
          grunt_forest_small_clearings
Lair:5:   nicolae_spider_entry_orb_guardian, serial_bayou_shore_b
Lair:6:   swamp_mist, slime_altar_1, lab_entry_generic, serial_bayou_pond_d,
          infiniplex_staircase_pool_2, grunt_megastairs_1
Lair:7:   uniq_nessos
Lair:8:   guppyfry_lair_end_dragon, hangedman_lair_in_review,
          columned_hall_lemuel
Orc:1:    special_room, serial_shops, nicolae_shop_behind_doors
Orc:2:    st_orc_rangers, portal_ice_cave_entry_ice_beasts
Elf:1:    hangedman_cross_stitches, hangedman_corner_corridor
Lab:      labyrinth_watery, nicolae_lab_garden, nicolae_lab_dead_end,
          labyrinth_baited_teleportation_trap, lab_hedge, lab_block,
          nicolae_lab_blocks, nicolae_lab_x, nicolae_lab_starburst,
          nicolae_lab_swirl, nicolae_lab_diamond, nicolae_lab_very_dead_end,
          nicolae_lab_arrow
Trove:    trove_armour_2
Bailey:   bailey_axe_bossmonster_kennysheep, bailey
IceCv:    ice_cave_small_demon
Volcano:  volcano_caves

Skill      XL: |  1  2  3  4  5  6  7  8  9 10 11 12 13 14 15 |
---------------+----------------------------------------------+-----
Dodging        | 2 4 5 7 8 |  8.2
Stealth        | 1 2 4 |  4.0
Fighting       | 3 4 5 7 8 10 11 13 14 15 | 15.0
Maces & Flails | 2 3 5 6 9 11 14 16 17 18 | 18.8
Throwing       | 5 7 10 | 10.5
Transmutations | 3 8 9 |  9.4
Invocations    | 2 5 6 10 | 10.0
Translocations | 1 2 |  2.9
Earth Magic    | 1 2 |  2.8

Action                   |  1- 3 |  4- 6 |  7- 9 | 10-12 | 13-15 || total
-------------------------+-------+-------+-------+-------+-------++-------
Melee: Short sword       |    85 |       |       |       |       ||    85
       Club              |     9 |    23 |       |       |       ||    32
       Whip              |       |   145 |   112 |       |       ||   257
       Flail             |       |       |   297 |       |       ||   297
       Giant spiked club |       |       |    58 |   600 |   104 ||   762
       Dire flail        |       |       |       |    10 |       ||    10
       Giant spiked club |       |       |       |       |  1086 ||  1086
Throw: Large rock        |     7 |    24 |    63 |    32 |       ||   126
       Throwing net      |     2 |       |     3 |     1 |       ||     6
       Javelin           |       |       |       |     2 |    30 ||    32
Invok: Heroism           |       |       |     1 |    15 |     1 ||    17
       Heroism           |       |       |       |       |    20 ||    20
       Finesse           |       |       |       |       |     6 ||     6
Evoke: Club              |       |       |       |     4 |       ||     4
       Wand              |       |       |       |       |     1 ||     1
  Use: Scroll            |     6 |     2 |    10 |    19 |     1 ||    38
       Potion            |     2 |       |     4 |     6 |       ||    12
       Scroll            |       |       |       |       |    18 ||    18
       Potion            |       |       |       |       |     6 ||     6
 Stab: Sleeping          |     2 |     4 |     5 |     6 |       ||    17
       Held in net/web   |       |       |     2 |     2 |       ||     4
       Sleeping          |       |       |       |       |    11 ||    11
       Distracted        |       |       |       |       |     1 ||     1
       Confused          |       |       |       |       |     2 ||     2
  Eat: Chunk             |       |     9 |    14 |    11 |     2 ||    36
       Beef jerky        |       |       |     1 |     3 |       ||     4
       Pizza             |       |       |     1 |     4 |       ||     5
       Fruit             |       |       |     2 |       |       ||     2
       Meat ration       |       |       |       |     1 |       ||     1
       Royal jelly       |       |       |       |     1 |       ||     1
       Fruit             |       |       |       |       |    12 ||    12
       Chunk             |       |       |       |       |    21 ||    21
       Pizza             |       |       |       |       |     6 ||     6
       Beef jerky        |       |       |       |       |     1 ||     1
Armor: Robe              |    21 |    60 |   187 |   165 |    18 ||   451
       Robe              |       |       |       |       |   193 ||   193
       Ice dragon armour |       |       |       |       |     1 ||     1
Dodge: Dodged            |    48 |    70 |   259 |   379 |    80 ||   836
       Dodged            |       |       |       |       |  1433 ||  1433
